 Dungeon Crawl Stone Soup version 0.29-a0-398-ge13fd1374b (webtiles) character file.

Game seed: 10930488111926416705

11599 sammy202020 the Fighter (level 11, -4/104 HPs)
             Began as a Minotaur Fighter on May 13, 2022.
             Was a Priest of Trog.
             Slain by an eight-headed hydra (8 damage)
             ... on level 11 of the Dungeon.
             The game lasted 00:19:40 (12247 turns).

sammy202020 the Fighter (Minotaur Fighter)         Turns: 12247, Time: 00:19:40

Health: -4/104     AC: 17    Str: 20    XL:     11   Next: 51%
Magic:  10/10      EV: 14    Int:  9    God:    Trog [***...]
Gold:   319        SH: 11    Dex: 11    Spells: 10/10 levels left

rFire   + . .      SeeInvis .   L - +3 flail
rCold   . . .      Faith    .   c - +0 buckler
rNeg    . . .      Spirit   .   C - +3 chain mail {rF+}
rPois   .          Reflect  +   (helmet restricted)
rElec   .          Harm     .   A - +0 cloak
rCorr   .          Rampage  .   s - +0 pair of gloves
Will    .....                   (no boots)
Stlth   ..........              h - amulet of reflection
HPRegen 0.27/turn               I - +4 ring of evasion
MPRegen 0.12/turn               v - ring of flight

@: flying
A: horns 2, retaliatory headbutt
a: Renounce Religion, Berserk, Trog's Hand


You were on level 11 of the Dungeon.
You worshipped Trog.
Trog was most pleased with you.
You visited 2 branches of the dungeon, and saw 12 of its levels.
You also visited: Ossuary.

You collected 629 gold pieces.
You spent 310 gold pieces at shops.

Inventory:

Hand Weapons
 a - a +1 war axe
 L - a +3 flail (weapon)
Missiles
 p - a silver boomerang (quivered)
 w - 4 boomerangs
Armour
 c - a +0 buckler (worn)
 s - a +0 pair of gloves (worn)
 u - the +8 chain mail of Qoodgh {+Blink}
   (You found it on level 11 of the Dungeon)

   +Blink:    It lets you blink.
 A - a +0 cloak (worn)
 C - a +3 chain mail of fire resistance (worn)
 K - +0 acid dragon scales
Jewellery
 h - an amulet of reflection (around neck)
 v - a ring of flight (right hand)
 E - an amulet of regeneration
 I - a +4 ring of evasion (left hand)
 N - the ring "Jagus" {Wiz +Blink Slay+2}
   (You found it on level 10 of the Dungeon)

   [ring of wizardry]

   It improves your spell success rate.
   Slay:      It affects your accuracy & damage with ranged weapons and melee
   (+2).
   +Blink:    It lets you blink.
Wands
 d - a wand of polymorph (8)
 g - a wand of mindburst (6)
 k - a wand of digging (8)
 n - a wand of iceblast (5)
 y - a wand of acid (14)
 B - a wand of charming (6)
Scrolls
 m - 6 scrolls of teleportation
 o - a scroll of blinking
 r - 3 scrolls of fear
 x - 3 scrolls of enchant weapon
 J - 2 scrolls of magic mapping
Potions
 b - 6 potions of curing
 e - 3 potions of flight
 f - 3 potions of ambrosia
 i - 2 potions of magic
 j - 4 potions of heal wounds {unknown}
 l - 2 potions of haste
 q - 4 potions of lignification
 t - 2 potions of berserk rage
 z - 2 potions of degeneration {unknown}
 D - a potion of resistance {unknown}
 F - 4 potions of might
 G - 4 potions of brilliance
 H - 5 potions of attraction {unknown}
 M - a potion of invisibility {unknown}


   Skills:
 * Level 12.3 Fighting
 * Level 12.0 Axes
 + Level 9.2 Armour
 + Level 7.7 Dodging
 + Level 9.2 Shields


You had 10 spell levels left.
You didn't know any spells.
Your spell library contained the following spells:

 Spells                   Type           Power      Damage    Failure   Level
 Animate Skeleton         Necr           0%         N/A       98%         1
 Pain                     Necr           0%         1d4       98%         1
 Conjure Flame            Conj/Fire      0%         6-21      100%        3
 Ignite Poison            Fire/Tmut/Pois 0%         N/A       100%        3
 Vampiric Draining        Necr           0%         2d6       100%        3
 Sticky Flame             Conj/Fire      0%         2d3       100%        4


Dungeon Overview and Level Annotations

Branches:
Dungeon (11/15)            Temple (1/1) D:6            Lair (0/6) D:8
Ossuary (visited)
    Orc: D:9-12

Altars:
Ashenzari
Cheibriados
Dithmenos
Elyvilon
Fedhas
Gozag
Hepliaklqana
Kikubaaqudgha
Makhleb
Nemelex Xobeh
Okawaru
Qazlal
Ru
Sif Muna
Trog
Uskayaw
Vehumet
Wu Jian
Xom
Yredelemnul
Zin
The Shining One

Shops:
D:1 ?   D:6 ?   D:7 ?   D:8 [?

Portals:
Bailey: D:8


Innate Abilities, Weirdness & Mutations

You have a pair of horns on your head.
You reflexively headbutt those who attack you in melee.


Message History

The eight-headed hydra completely misses you.
The eight-headed hydra barely misses you.
The eight-headed hydra bites you! The eight-headed hydra bites you. x2
You block the eight-headed hydra's attack.
The killer bee buzzes angrily.
You bludgeon the eight-headed hydra!!
The eight-headed hydra is heavily wounded.
The killer bee stings you but does no damage.
You block the eight-headed hydra's attack.
The eight-headed hydra bites you!
* * * LOW HITPOINT WARNING * * *
The eight-headed hydra bites you but does no damage. x2
The eight-headed hydra closely misses you.
The eight-headed hydra bites you.
* * * LOW HITPOINT WARNING * * *
The eight-headed hydra closely misses you.
The eight-headed hydra bites you but does no damage.
You block the killer bee's attack.
You hit the eight-headed hydra. You headbutt the eight-headed hydra!
The eight-headed hydra is severely wounded.
You block the killer bee's attack.
The eight-headed hydra bites you but does no damage. x2
The eight-headed hydra bites you.
* * * LOW HITPOINT WARNING * * *
You block the eight-headed hydra's attack.
The eight-headed hydra bites you but does no damage.
The eight-headed hydra barely misses you.
The eight-headed hydra bites you.
* * * LOW HITPOINT WARNING * * *
The eight-headed hydra bites you!
* * * LOW HITPOINT WARNING * * *
The killer bee stings you but does no damage.
The eight-headed hydra attacks as you move away!
The eight-headed hydra bites you but does no damage.
The eight-headed hydra barely misses you.
The eight-headed hydra bites you!
* * * LOW HITPOINT WARNING * * *
You block the eight-headed hydra's attack. x2
The eight-headed hydra bites you!
You die...

. ## '# ♣ .. .. ..♣♣.
##. ...... ..#
♣....##.#.
♣...Dy##.### #@)##..#
###.#.## ## #..#.#..#
#.)###..# ' ### #'###
### .. ####.#####..
.. #....#..##.# #.
#..#....##.##....
#..###.####.##.##....


You could see an eight-headed hydra and a killer bee.

Vanquished Creatures
  2 hydras (D:11)
  A death yak (D:8)
  Pikel (D:6)
  A deep elf pyromancer (D:11)
  2 ugly things (D:11)
  A gargoyle (D:11)
  A tengu conjurer (D:11)
  A troll (D:11)
  5 yaks (D:9)
  2 shadows
  3 wyverns
  A vampire (D:10)
  4 fire bats (D:11)
  A basilisk (D:8)
  A steam dragon (D:7)
  3 vampire mosquitoes (D:8)
  An acid dragon (D:11)
  A hell hound (D:11)
  2 water moccasins
  6 orc warriors
  A sky beast (D:8)
  3 centaurs
  A lemure (D:6)
  A phantom (D:5)
  2 kobold brigands
  A bullfrog (D:8)
  A gnoll sergeant (D:5)
  A necrophage (D:5)
  4 scorpions
  3 water moccasin zombies (Ossuary)
  16 wights
  A killer bee (D:11)
  5 howler monkeys
  6 bullfrog zombies (Ossuary)
  2 lava snakes (D:11)
  4 centaur zombies (Ossuary)
  An orc priest (D:8)
  2 hounds (D:4)
  2 jellies
  A gnoll shaman (D:5)
  4 iguanas
  10 orc wizards
  5 killer bee zombies (Ossuary)
  7 mummies (Ossuary)
  2 howler monkey zombies (Ossuary)
  Robin (D:2)
  10 gnolls
  2 adders
  A shadow imp (D:6)
  2 white imps
  An ufetubus (D:6)
  2 worms
  5 dart slugs
  32 orcs
  2 bats
  8 endoplasms
  8 giant cockroaches
  21 goblins
  8 hobgoblins
  6 quokkas
  4 ball pythons
  2 frilled lizards (D:3)
  19 kobolds
  3 rats
263 creatures vanquished.

Vanquished Creatures (others)
  2 fire vortices (D:11)
  2 fungi (D:8)
  11 plants
  7 withered plants (Ossuary)
22 creatures vanquished.

Grand Total: 285 creatures vanquished

Notes
Turn   | Place    | Note
-------+----------+-------------------------------------------
     0 | D:1      | sammy202020 the Minotaur Fighter began the quest for the
                  | Orb.
     0 | D:1      | Reached XP level 1. HP: 19/19 MP: 0/0
    45 | D:1      | Reached XP level 2. HP: 25/27 MP: 1/1
   312 | D:1      | Found Omaniss's Magic Scroll Boutique.
   449 | D:1      | Reached XP level 3. HP: 28/33 MP: 2/2
   864 | D:2      | Noticed Robin
   867 | D:2      | Reached skill level 1 in Dodging
   878 | D:2      | Killed Robin
  1577 | D:2      | Reached XP level 4. HP: 41/41 MP: 3/3
  1923 | D:3      | Found an iron altar of Okawaru.
  1938 | D:3      | Found a broken altar of Ashenzari.
  2404 | D:3      | Reached XP level 5. HP: 44/47 MP: 4/4
  2640 | D:3      | Found a faded altar of an unknown god.
  2857 | D:4      | Found a sparkling altar of Nemelex Xobeh.
  2948 | D:4      | Reached skill level 5 in Fighting
  3246 | D:4      | Reached XP level 6. HP: 55/56 MP: 5/5
  3434 | D:4      | Found a radiant altar of Vehumet.
  3437 | D:4      | Found a glowing silver altar of Zin.
  3441 | D:4      | Found a snail-covered altar of Cheibriados.
  3513 | D:5      | Entered Level 5 of the Dungeon
  3523 | D:5      | Reached skill level 5 in Axes
  3565 | D:5      | Reached XP level 7. HP: 28/63 MP: 6/6
  3575 | D:5      | Reached skill level 5 in Armour
  3575 | D:5      | Reached skill level 5 in Shields
  4461 | D:6      | Reached XP level 8. HP: 73/73 MP: 7/7
  4650 | D:6      | Found a shadowy altar of Dithmenos.
  5133 | D:6      | Found a staircase to the Ecumenical Temple.
  5134 | D:6      | Noticed Pikel
  5145 | D:6      | Killed Pikel
  5153 | Temple   | Entered the Ecumenical Temple
  5262 | Temple   | Became a worshipper of Trog the Wrathful
  5484 | D:6      | Found a hide-covered altar of Uskayaw.
  6074 | D:6      | Found Rewok's Magic Scroll Emporium.
  6148 | D:7      | Found a flagged portal.
  6169 | D:8      | Reached XP level 9. HP: 76/82 MP: 8/8
  6235 | D:8      | Reached skill level 5 in Dodging
  6538 | D:8      | Found Tyapos's Armour Shoppe.
  6546 | D:8      | Bought a +2 chain mail of fire resistance for 258 gold
                  | pieces
  6572 | D:8      | Reached * piety under Trog
  6683 | D:8      | Found a blossoming altar of Fedhas.
  6795 | D:8      | Found a sand-covered staircase.
  6803 | Ossuary  | Entered an ossuary
  7191 | Ossuary  | Reached ** piety under Trog
  7477 | D:7      | Found a stormy altar of Qazlal.
  7507 | D:7      | Reached XP level 10. HP: 87/93 MP: 9/9
  7594 | D:7      | Found Festudasch's Magic Scroll Boutique.
  7598 | D:7      | Bought a scroll of identify for 26 gold pieces
  7598 | D:7      | Bought a scroll of identify for 26 gold pieces
  7864 | D:7      | Reached skill level 10 in Fighting
  8149 | D:8      | Found Weacsol's Magic Scroll Shop.
  8175 | D:8      | Found a white marble altar of Elyvilon.
  8223 | D:8      | Noticed a death yak
  8245 | D:8      | Killed a death yak
  8245 | D:8      | Reached *** piety under Trog
  8246 | D:8      | Reached skill level 10 in Axes
  8592 | D:8      | Found a staircase to the Lair.
  9018 | D:9      | Found a sacrificial altar of Ru.
 10008 | D:10     | Entered Level 10 of the Dungeon
 10008 | D:10     | Found a basalt altar of Yredelemnul.
 10040 | D:10     | Identified the ring "Jagus" {Wiz +Blink Slay+2}
 10997 | D:11     | Noticed a green ugly thing
 11008 | D:11     | Killed a green ugly thing
 11009 | D:11     | Reached XP level 11. HP: 44/102 MP: 10/10
 11299 | D:11     | Identified the +8 chain mail of Qoodgh {+Blink}
 11319 | D:11     | Noticed a red ugly thing
 11332 | D:11     | Killed a red ugly thing
 11520 | D:11     | Noticed a seven-headed hydra
 11530 | D:11     | Killed a seven-headed hydra
 11884 | D:11     | Noticed a seven-headed hydra
 11885 | D:11     | Noticed a deep elf pyromancer
 11900 | D:11     | Killed an eight-headed hydra
 11905 | D:11     | Killed a deep elf pyromancer
 12236 | D:11     | Noticed an eight-headed hydra
 12247 | D:11     | HP: 4/104 [eight-headed hydra (8)]
 12247 | D:11     | Slain by an eight-headed hydra

Illustrated notes

Levels and vault maps discovered:
D:1:      beargit_arrival_greenhouse, layout_basic, serial_shops, shop,
          minmay_tromino_v4_b
D:2:      layout_basic, uniq_robin
D:3:      minmay_chambers_of_twos, layout_basic,
          mainiacjoe_overflow_catch_the_wave, shapermc_ecumenical_altar_petra
D:4:      layout_basic, grunt_temple_overflow_diamond,
          mainiacjoe_overflow_cross_hatched
D:5:      layout_cave_pools
D:6:      layout_basic, kennysheep_little_box, grunt_dithmenos_smoke,
          minmay_temple_entry_tees, serial_shops, shop_fountains, uniq_pikel
D:7:      layout_gridville, nicolae_qazlal_scattered_showers, enter_bailey_5,
          serial_shops, shop
D:8:      layout_loops_ring, mainiacjoe_overflow_tiny_flanked,
          mainiacjoe_overflow_alcove_4, david_lair_generic,
          lightli_ossuary_entry_decrepit_ruins, serial_shops,
          nicolae_stop_n_shop_2, shop_scrolls
D:9:      layout_stronghold, mainiacjoe_overflow_24_doors
D:10:     layout_cave_pools, lemuel_tele_altar
D:11:     minmay_the_grid_net [minmay_the_grid_minigrid_large,
          minmay_the_grid_embedded, minmay_the_grid_garden, minmay_the_grid_x,
          minmay_the_grid_all_tris, minmay_the_grid_prize_trominoes],
          layout_basic, portal_ice_cave_entry_pillars_1, nicolae_shop_fire_sale
          [nicolae_sub_dead_trees], hangedman_incinerator
Temple:   jpeg_temple_island

Skill      XL: |  1  2  3  4  5  6  7  8  9 10 11 |
---------------+----------------------------------+-----
Axes           | 3 4 5 6 7 9 11 12 | 12.0
Fighting       | 4 5 6 7 8 9 11 12 | 12.3
Dodging        | 1 2 3 4 6 7 |  7.7
Shields        | 4 5 6 7 8 9 |  9.2
Armour         | 4 5 6 7 8 9 |  9.2

Action                   |  1- 3 |  4- 6 |  7- 9 | 10-12 || total
-------------------------+-------+-------+-------+-------++-------
Melee: War axe           |    70 |   117 |   321 |   268 ||   776
       Headbutt          |     6 |    16 |    79 |    67 ||   168
       Flail             |       |       |       |    24 ||    24
Invok: Berserk           |       |       |       |     3 ||     3
       Trog's Hand       |       |       |       |     2 ||     2
  Use: Scroll            |     5 |     6 |     6 |     4 ||    21
       Potion            |       |     1 |       |     1 ||     2
Armor: Scale mail        |     8 |       |       |       ||     8
       Chain mail        |    34 |    49 |   104 |   161 ||   348
Dodge: Dodged            |    29 |    38 |   136 |   165 ||   368
Block: Buckler           |    26 |    62 |   183 |   173 ||   444
       Reflection        |       |     2 |     3 |     8 ||    13

Table legend: (Time is in decaauts)
 A = Elapsed time spent in this place.
 B = Non-inter-level travel time spent in this place.
 C = Inter-level travel time spent in this place.
 D = Time resting spent in this place.
 E = Time spent auto-exploring this place.
 F = Levels seen in this place.
 G = Mean time per level.
                   A        B        C        D        E       F      G
               +--------+--------+--------+--------+--------+-----+--------+
         Total |  12400 |  12209 |    191 |    493 |   9478 |  13 |  953.8 |
       Dungeon |  11831 |  11677 |    154 |    493 |   9182 |  11 | 1075.5 |
        Temple |    147 |    110 |     37 |      0 |     98 |   1 |  147.0 |
       Ossuary |    421 |    421 |      0 |      0 |    198 |   1 |  421.0 |
               +--------+--------+--------+--------+--------+-----+--------+

Top non-repeatable levels by time:
     D:8: 1757 daAuts
     D:6: 1522 daAuts
    D:11: 1271 daAuts
     D:3: 1016 daAuts
     D:9: 1014 daAuts
    D:10: 998 daAuts
     D:2: 957 daAuts
     D:5: 945 daAuts
     D:1: 872 daAuts
     D:7: 748 daAuts
     D:4: 726 daAuts
 Ossuary: 421 daAuts
  Temple: 147 daAuts
